 Dungeon Crawl Stone Soup version 0.19.0 (webtiles) character file.

1922 Cacophonie the Basher (level 8, -1/58 HPs)
             Began as a Demonspawn Abyssal Knight on Nov 11, 2016.
             Was a High Priest of Lugonu.
             Slain by Kaishin's ghost (15 damage)
             ... on level 6 of the Dungeon.
             The game lasted 00:30:45 (6533 turns).

Cacophonie the Basher (Demonspawn Abyssal Knight)   Turns: 6533, Time: 00:30:46

Health: -1/58      AC: 18    Str: 25    XL:     8   Next: 96%
Magic:  9/9        EV:  7    Int: 15    God:    Lugonu [*****.]
Gold:   200        SH:  0    Dex: 12    Spells: 0 memorised, 7 levels left

rFire  . . .     SeeInvis .     z - +0 morningstar
rCold  . . .     Gourm    .     N - +6 plate armour of the Thinker {Str+7}
rNeg   . . .     Faith    .     (no shield)
rPois  .         Spirit   .     (helmet restricted)
rElec  .         Reflect  .     i - +1 cloak
rCorr  .         Harm     .     (no gloves)
MR     .....                    (boots unavailable)
Stlth  ..........               (no amulet)
                                (no ring)
                                p - +4 ring of strength

@: no status effects
A: claws 1, horns 1, talons 3, demonic guardian 1, mutation resistance 1, spiny
1
a: Depart the Abyss, Bend Space, Banish, Corrupt, Enter the Abyss, Renounce
Religion


You were on level 6 of the Dungeon.
You worshipped Lugonu.
Lugonu was extremely pleased with you.
You were not hungry.

You visited 2 branches of the dungeon, and saw 7 of its levels.
You visited the Abyss 1 time.
You also visited: Sewer.

You collected 240 gold pieces.
You spent 40 gold pieces at shops.


Message History

Your shadow imp completely misses Kaishin's ghost!
Kaishin's ghost casts a spell at you! The puff of flame hits you!!!
Evoke which item? (* to show all) (? for menu, Esc to quit)
Okay, then!
Evoke which item? (* to show all) (? for menu, Esc to quit)
Okay, then!
Okay, then!
You closely miss Kaishin's ghost! Your kick misses Kaishin's ghost!
Kaishin's ghost is heavily damaged!
Your shadow imp barely misses Kaishin's ghost!
Kaishin's ghost hits you but does no damage!
You miss Kaishin's ghost! Your kick misses Kaishin's ghost!
Kaishin's ghost is heavily damaged!
Your shadow imp hits Kaishin's ghost but does no damage!
Your shadow imp misses Kaishin's ghost!
Your shadow imp barely misses Kaishin's ghost!
Kaishin's ghost hits you but does no damage!
You are electrocuted!!! rip

#.....P.......P.###### #...
#...#..P.###.........# #...
#...##....#P.........####..#
###.###...P.P.........#.....#
#...# #.....PP.#.#..###.##...
#.### #.##....##.##.###.##..#
#.#####.###.#..#.##.##......#
##..........W.....##.##.......
#...)......5.@.#..##..........
#.#.................#..>......
#.#####.......................
.. #..........###..........
...
####...............###.....
.## .............###..# ##....
.. #.........(......# ###.#
#####................# #.#
.....................## #.#


You could see Kaishin's ghost and a friendly shadow imp.

Inventory:

Hand Weapons
 a - a +1 mace
 l - a +0 blowgun
 y - a +0 flail
 z - a +0 morningstar (weapon)
Missiles
 h - 116 stones (quivered)
 v - 14 poisoned needles
 A - 2 throwing nets
 G - 3 curare-tipped needles
 I - 7 tomahawks
Armour
 b - a +0 leather armour
 i - a +1 cloak (worn)
 n - a +0 ring mail
 q - a +2 pair of boots
 N - the +6 plate armour of the Thinker (worn) {Str+7}
   (You found it on level 5 of the Dungeon)

   It affects your strength (+7).
Jewellery
 p - a +4 ring of strength (left claw)
Wands
 B - a wand of slowing (26/48)
 C - a wand of acid (10/15)
 F - a wand of slowing (16/48)
Scrolls
 j - 2 scrolls of enchant armour
 m - 2 scrolls of magic mapping
 o - 3 scrolls of remove curse
 s - 3 scrolls of teleportation
 H - 2 scrolls of fear
Potions
 e - 3 potions of curing
 r - a potion of cure mutation
 t - 2 potions of haste
 u - a potion of brilliance
 w - a potion of degeneration {unknown}
 x - a potion of invisibility {unknown}
 D - 2 potions of agility
 E - a potion of might {unknown}
 L - a potion of magic {unknown}
 M - 2 potions of berserk rage {unknown}
Books
 g - a book of Cantrips

   Spells                             Type                      Level
   a - Confusing Touch                Hexes                        1
   b - Animate Skeleton               Necromancy                   1
   c - Summon Small Mammal            Summoning                    1
   d - Apportation                    Translocation                1
Comestibles
 c - 7 bread rations
 d - a slice of pizza
 f - a royal jelly
 k - 2 meat rations
 J - 6 chunks of flesh
 O - a beef jerky


   Skills:
 - Level 3.0 Fighting
 + Level 10.7 Maces & Flails
 - Level 1.7 Armour
 - Level 0.8 Dodging
 - Level 2.4 Invocations


You had 7 spell levels left.
You didn't know any spells.


Innate Abilities, Weirdness & Mutations

You have sharp fingernails.
You have a pair of small horns on your head.
You have claws for feet.
A weak demonic guardian rushes to your aid.
You are partially covered in sharp spines.
You are somewhat resistant to further mutation.

Dungeon Overview and Level Annotations

Branches:
Dungeon (6/15)             Temple (1/1) D:5

Altars:
Ashenzari
Cheibriados
Dithmenos
Elyvilon
Fedhas
Gozag
Hepliaklqana
Kikubaaqudgha
Makhleb
Nemelex Xobeh
Qazlal
Ru
Sif Muna
Trog
Uskayaw
Vehumet
Xom
Yredelemnul
Zin
The Shining One

Shops:
D:4 !

Annotations:
D:6 Kaishin's ghost, novice DEFE

Vault maps used:
D:1:      sevenhm_arrival_forest_fort_small_4
D:2:      gammafunk_temple_overflow_wave
D:3:      lemuel_zombie_altar_yredelemnul, fedhas_altar_3,
          uniq_crazy_yiuf_cottage
D:4:      chequers_temple_overflow_minitemple, first_bread, serial_shops, shop,
          cheibriados_altar_wand_db, uniq_duvessa, uniq_blork_the_orc
D:5:      nemelex_xobeh_ov_fountains_minmay, kennysheep_mini,
          gup_sewer_entry_bowl, uniq_grinder
D:6:      old_standard_altar, kiku_gazebo_garden_becter,
          nicolae_qazlal_eye_of_the_storm, kennysheep_another_room
Temple:   hc_temple_tempest_star
Sewer:    sewer_co_tree

Vanquished Creatures
  Grinder (D:5)
  A water moccasin (D:5)
  2 sky beasts
  An ogre (D:6)
  2 centaurs (D:5)
  2 big kobolds (Sewer)
  Blork the orc (D:4)
  A centaur zombie (D:5)
  A gnoll shaman (D:6)
  Crazy Yiuf (D:3)
  2 iguanas
  2 orc wizards (D:4)
  A howler monkey skeleton (D:3)
  19 adders
  7 gnolls
  A river rat (Sewer)
  A shadow imp (D:5)
  4 oozes
  An adder zombie (D:6)
  An adder skeleton (D:6)
  11 worms
  4 dart slugs
  3 leopard geckos
  11 orcs
  5 ball pythons
  5 giant cockroaches
  2 gnoll zombies (D:3)
  12 hobgoblins
  17 jackals
  16 kobolds
  6 quokkas
  6 bats
  6 frilled lizards
  6 goblins
  3 quokka skeletons
  8 rats
173 creatures vanquished.

Vanquished Creatures (collateral kills)
  Duvessa (D:4)
  2 ogres
  2 big kobolds (Sewer)
  Dowan (D:4)
  An orc wizard (D:3)
  An ooze (Sewer)
  A ball python (Sewer)
9 creatures vanquished.

Grand Total: 182 creatures vanquished

Notes
Turn   | Place    | Note
-------+----------+-------------------------------------------
     0 | Abyss:1  | Cacophonie the Demonspawn Abyssal Knight began the quest for the Orb.
     0 | Abyss:1  | Reached XP level 1. HP: 18/18 MP: 2/2
    15 | D:1      | Escaped the Abyss
    93 | D:1      | Reached skill level 2 in Maces & Flails
   231 | D:1      | Gained mutation: You have sharp toenails. [demonic ancestry]
   231 | D:1      | Reached XP level 2. HP: 21/24 MP: 3/3
   639 | D:1      | Reached skill level 3 in Maces & Flails
   868 | D:1      | Gained mutation: You have razor-sharp toenails. [demonic ancestry]
   868 | D:1      | Reached XP level 3. HP: 23/29 MP: 4/4
   882 | D:1      | Reached ** piety under Lugonu
  1469 | D:2      | Gained mutation: A weak demonic guardian rushes to your aid. [demonic ancestry]
  1469 | D:2      | Reached XP level 4. HP: 25/35 MP: 5/5
  1477 | D:2      | Reached skill level 4 in Maces & Flails
  2102 | D:2      | Found a burning altar of Makhleb.
  2103 | D:2      | Found a shimmering altar of Xom.
  2464 | D:3      | Reached *** piety under Lugonu
  2495 | D:3      | Gained mutation: You have sharp fingernails. [demonic ancestry]
  2495 | D:3      | Reached XP level 5. HP: 41/41 MP: 6/6
  2541 | D:3      | Reached skill level 5 in Maces & Flails
  2782 | D:3      | Found a basalt altar of Yredelemnul.
  2984 | D:3      | Found a blossoming altar of Fedhas.
  3272 | D:3      | Found a runed door.
  3276 | D:3      | Noticed Crazy Yiuf
  3283 | D:3      | Killed Crazy Yiuf
  3283 | D:3      | Gained mutation: You are partially covered in sharp spines. [demonic ancestry]
  3283 | D:3      | Reached XP level 6. HP: 18/47 MP: 7/7
  3523 | D:4      | Noticed Duvessa
  3526 | D:4      | Noticed Dowan
  3529 | D:4      | Killed Duvessa
  3529 | D:4      | Reached skill level 6 in Maces & Flails
  3531 | D:4      | Killed Dowan
  3532 | D:4      | PWNED
  3532 | D:4      | thanks mr imp
  3609 | D:4      | Found Lechipot's Distillery.
  3751 | D:4      | Noticed Blork the orc
  3751 | D:4      | Reached skill level 7 in Maces & Flails
  3751 | D:4      | Gained mutation: You have claws for feet. [demonic ancestry]
  3751 | D:4      | Reached XP level 7. HP: 52/52 MP: 8/8
  3761 | D:4      | Killed Blork the orc
  3765 | D:4      | not my boots
  3949 | D:4      | Found a faded altar of an unknown god.
  3949 | D:4      | Found a faded altar of an unknown god.
  3959 | D:4      | Found a faded altar of an unknown god.
  3961 | D:4      | Found a faded altar of an unknown god.
  3963 | D:4      | Found a shadowy altar of Dithmenos.
  4138 | D:4      | Gained mutation: You are somewhat resistant to further mutation. [potion of beneficial mutation]
  4230 | D:4      | Found a snail-covered altar of Cheibriados.
  4234 | D:4      | Reached **** piety under Lugonu
  4287 | D:4      | Bought a potion of agility for 40 gold pieces
  4347 | D:5      | Entered Level 5 of the Dungeon
  4454 | D:5      | Found a blossoming altar of Fedhas.
  4526 | D:5      | Found a staircase to the Ecumenical Temple.
  4557 | Temple   | Entered the Ecumenical Temple
  4643 | D:5      | Noticed Grinder
  4798 | D:5      | Found a glowing drain.
  4802 | Sewer    | Entered a sewer
  5050 | Sewer    | Reached skill level 8 in Maces & Flails
  5525 | Sewer    | Gained mutation: You have a pair of small horns on your head. [demonic ancestry]
  5525 | Sewer    | Reached XP level 8. HP: 58/58 MP: 9/9
  5582 | D:5      | Paralysed by Grinder for 2 turns
  5597 | D:5      | Killed Grinder
  5597 | D:5      | Reached skill level 9 in Maces & Flails
  5922 | D:5      | Found a sparkling altar of Nemelex Xobeh.
  6080 | D:5      | Got a shimmering plate armour
  6148 | D:5      | Identified the +6 plate armour of the Thinker {Str+7} (You found it on level 5 of the Dungeon)
  6187 | D:5      | Reached ***** piety under Lugonu
  6187 | D:5      | Reached skill level 10 in Maces & Flails
  6240 | D:6      | Found a stormy altar of Qazlal.
  6449 | D:6      | Found an ancient bone altar of Kikubaaqudgha.
  6510 | D:6      | Noticed Kaishin's ghost (novice DEFE)
  6527 | D:6      | HP: 2/58 [Kaishin's ghost/flame tongue (21)]
  6533 | D:6      | Slain by Kaishin's ghost
